 Dungeon Crawl Stone Soup version 0.29-a0-830-gcb1280458a (webtiles) character file.

Game seed: 13427164459674940764

1309 lunkers the Zephyrmancer (level 9, -2/67 HPs)
             Began as a Meteoran Air Elementalist on July 11, 2022.
             Was a Priest of Fedhas.
             Slain by an orc warrior
             ... wielding a +0 short sword
              (4 damage)
             ... on level 8 of the Dungeon.
             The game lasted 00:11:41 (2108 turns).

lunkers the Zephyrmancer (MeAE)                     Turns: 2108, Time: 00:11:41

Health: -2/67      AC:  3    Str: 11    XL:     9   Next: 12%
Magic:  8/20       EV: 13    Int: 20    God:    Fedhas [***...]
Gold:   403        SH:  0    Dex: 15    Spells: 12/22 levels left

rFire   . . .      SeeInvis .   v - +2 dagger (venom)
rCold   . . .      Faith    .   (no shield)
rNeg    . . .      Spirit   .   a - +0 robe
rPois   +          Reflect  .   (no helmet)
rElec   .          Harm     .   (no cloak)
rCorr   .          Rampage  .   d - +0 pair of gloves
Will    +....                   (no boots)
Stlth   +.........              (no amulet)
HPRegen 0.21/turn               e - ring of poison resistance
MPRegen 0.17/turn               (no ring)

@: glowing
A: sense surroundings 2, otherworldly, glowing, explore regen
a: Renounce Religion, Wall of Briars, Grow Ballistomycete


You were on level 8 of the Dungeon.
You worshipped Fedhas.
Fedhas was most pleased with you.
You visited 1 branch of the dungeon, and saw 8 of its levels.

You collected 403 gold pieces.

Inventory:

Hand Weapons
 g - a +0 flail
 j - a +0 trident
 k - a +0 falchion of holy wrath
 o - a +0 quarterstaff
 v - a +2 dagger of venom (weapon)
Missiles
 s - 2 throwing nets
Armour
 a - a +0 robe (worn)
 d - a +0 pair of gloves (worn)
 r - an orb of wrath
Magical Staves
 y - a staff of conjuration
Jewellery
 e - a ring of poison resistance (left hand)
 w - the ring "Safifat" {rPois rC- Will+ Slay+4 SInv}
   (You found it on level 6 of the Dungeon)

   [ring of willpower]

   Slay:      It affects your accuracy & damage with ranged weapons and melee
   (+4).
   rC:        It makes you vulnerable to cold.
   rPois:     It protects you from poison.
   SInv:      It lets you see invisible.
   Will:      It increases your willpower.
Wands
 l - a wand of paralysis (7)
 u - a wand of flame (26)
Scrolls
 f - 5 scrolls of enchant weapon
 h - a scroll of fog
 i - 2 scrolls of identify
Potions
 b - 2 potions of magic
 c - 6 potions of curing
 m - a potion of heal wounds
 n - 2 potions of brilliance
 q - a potion of attraction


   Skills:
 + Level 1.9 Fighting
 + Level 3.3 Dodging
 - Level 1.4 Stealth
 + Level 7.1 Spellcasting
 - Level 1.3 Conjurations
 * Level 10.1 Air Magic
 + Level 1.2 Invocations


You had 12 spell levels left.
You knew the following spells:

 Your Spells              Type           Power      Damage    Failure   Level
a - Airstrike             Air            23%        0-8+      1%          4
b - Static Discharge      Conj/Air       30%        3-7/arc   1%          2
c - Swiftness             Air            47%        N/A       1%          3
d - Shock                 Conj/Air       100%       1d9       1%          1

Your spell library contained the following spells:

 Spells                   Type           Power      Damage    Failure   Level
 Magic Dart               Conj           48%        1d5       5%          1
 Searing Ray              Conj           24%        2d5       9%          2
 Beastly Appendage        Tmut           14%        N/A       10%         1
 Necrotise                Necr           28%        1d5       10%         1
 Ensorcelled Hibernation  Hex/Ice        14%        N/A       14%         2
 Passwall                 Tmut/Erth      5%         N/A       14%         2
 Wereblood                Tmut           7%         N/A       14%         2
 Conjure Flame            Conj/Fire      9%         6-21      22%         3
 Dazzling Flash           Conj/Hex       18%        N/A       22%         3
 Call Canine Familiar     Summ           7%         N/A       28%         3
 Ignite Poison            Fire/Tmut/Pois 7%         N/A       28%         3
 Portal Projectile        Hex/Tloc       14%        N/A       28%         3
 Spider Form              Tmut/Pois      7%         N/A       28%         3
 Tukima's Dance           Hex            7%         N/A       28%         3
 Vampiric Draining        Necr           7%         2d6       28%         3
 Silence                  Hex/Air        13%        N/A       32%         5
 Fulminant Prism          Conj/Hex       4%         3d6       56%         4
 Sticky Flame             Conj/Fire      9%         2d3       56%         4
 Leda's Liquefaction      Hex/Erth       3%         N/A       67%         4
 Agony                    Necr           7%         N/A       95%         5
 Blade Hands              Tmut           3%         N/A       95%         5


Dungeon Overview and Level Annotations

Branches:
Dungeon (8/15) Zot: 2692   Temple (0/1) D:4
   Lair: D:8-11

Altars:
Ashenzari
Cheibriados
Fedhas
Ru


Innate Abilities, Weirdness & Mutations

You passively map the area around you.
You are easily found by Zot.
You glow in the dark.
You regain HP and MP as you explore.


Message History

The orc warrior is heavily wounded.
The orc priest is struck by an arc of lightning.
The orc priest is heavily wounded.
The orc warrior is struck by an arc of lightning!
The orc warrior is severely wounded.
The lightning grounds out.
The orc priest hits you from afar with a +0 trident!
* * * LOW HITPOINT WARNING * * *
The orc warrior hits you with a +0 short sword!
* * * LOW HITPOINT WARNING * * *
The orc priest calls upon Beogh to heal the orc warrior.
The orc warrior is healed somewhat.
The orc hits you with a +0 flail.
* * * LOW HITPOINT WARNING * * *
Casting: Static Discharge (safe; 1% risk of failure)
Confirm with . or Enter, or press ? or * to list all spells.
The orc is struck by an arc of lightning.
The orc is heavily wounded.
The orc priest is struck by an arc of lightning!
You kill the orc priest!
Fedhas appreciates your contribution to the ecosystem.
The orc is struck by an arc of lightning!
You kill the orc!
Fedhas appreciates your contribution to the ecosystem.
The orc is struck by an arc of lightning!
You kill the orc!
Fedhas appreciates your contribution to the ecosystem.
The lightning grounds out.
The orc priest looks encouraged for a moment.
The orc warrior barely misses you.
Unknown command.
Casting: Static Discharge (safe; 1% risk of failure)
Confirm with . or Enter, or press ? or * to list all spells.
The orc warrior is struck by an arc of lightning.
The orc warrior is severely wounded.
You are struck by an arc of lightning.
* * * LOW HITPOINT WARNING * * *
The lightning grounds out.
The orc warrior hits you with a +0 short sword.
You die...
Fedhas appreciates your contribution to the ecosystem.

#.......#
#.#
#.......#
######'###
#...(...#
#.)......# ,
#(......#
#........# *
#.......#
#........# *
#.......#
#........# ,
* #.......#
#........#
,* #.......#
#........#*
* #########
#..@.....#
*#.)oo....#
,
#..)).....#
*
#.........#
,,
#.........#
* ,
#...###+###*
* , #... , ,
#...* * * *
*


You could see an orc warrior and an orc priest.

Vanquished Creatures
  Menkaure (D:5)
  A black bear (D:4)
  An ice beast (D:7)
  An ogre (D:5)
  A phantom (D:5)
  2 centaurs
  A kobold brigand (D:8)
  3 scorpions
  A necrophage (D:7)
  A hound (D:6)
  An orc priest (D:8)
  Ijyb (D:5)
  2 gnoll boudas (D:6)
  2 iguanas
  9 gnolls (D:6)
  4 adders
  A shadow imp (D:6)
  A white imp (D:7)
  3 worms (D:3)
  6 dart slugs
  6 orcs
  3 ball pythons
  3 bats
  2 endoplasms
  2 giant cockroaches (D:3)
  3 goblins
  2 hobgoblins
  2 jackals (D:3)
  9 kobolds
  A quokka (D:1)
  4 rats
80 creatures vanquished.

Notes
Turn   | Place    | Note
-------+----------+-------------------------------------------
     0 | D:1      | lunkers the Meteoran Air Elementalist began the quest for
                  | the Orb.
     0 | D:1      | Reached XP level 1. HP: 14/14 MP: 5/5
   134 | D:1      | Found a faded altar of an unknown god.
   141 | D:1      | Reached skill level 4 in Air Magic
   141 | D:1      | Reached XP level 2. HP: 6/20 MP: 1/6
   160 | D:1      | Prayed at the altar of an unknown god.
   160 | D:1      | Became a worshipper of Fedhas Madash
   160 | D:1      | Reached * piety under Fedhas
   232 | D:1      | Learned a level 2 spell: Static Discharge
   258 | D:1      | Reached XP level 3. HP: 25/26 MP: 0/8
   501 | D:3      | Reached XP level 4. HP: 10/33 MP: 2/10
   521 | D:3      | Learned a level 3 spell: Swiftness
   529 | D:3      | Reached skill level 5 in Air Magic
   604 | D:3      | Reached ** piety under Fedhas
   833 | D:4      | Reached XP level 5. HP: 34/38 MP: 2/11
   842 | D:4      | Learned a level 4 spell: Airstrike
   903 | D:4      | Found a snail-covered altar of Cheibriados.
   957 | D:4      | Noticed a black bear
   971 | D:4      | Killed a black bear
   972 | D:4      | Reached skill level 6 in Air Magic
   972 | D:4      | Reached XP level 6. HP: 45/45 MP: 4/13
  1003 | D:4      | Found a staircase to the Ecumenical Temple.
  1040 | D:4      | Found a broken altar of Ashenzari.
  1058 | D:5      | Entered Level 5 of the Dungeon
  1075 | D:5      | Noticed an ogre
  1084 | D:5      | Killed an ogre
  1085 | D:5      | Reached skill level 7 in Air Magic
  1186 | D:5      | Reached skill level 5 in Spellcasting
  1186 | D:5      | Reached XP level 7. HP: 50/50 MP: 2/15
  1318 | D:5      | Noticed Menkaure
  1320 | D:5      | Reached skill level 8 in Air Magic
  1325 | D:5      | Killed Menkaure
  1326 | D:5      | Reached XP level 8. HP: 32/57 MP: 3/17
  1363 | D:5      | Noticed Ijyb
  1368 | D:5      | Killed Ijyb
  1527 | D:6      | Reached skill level 9 in Air Magic
  1556 | D:6      | Identified the ring "Safifat" {rPois rC- Will+ Slay+4 SInv}
  1690 | D:6      | Upgraded the game from 0.29-a0-824-gd827844252 to
                  | 0.29-a0-830-gcb1280458a
  1698 | D:6      | Found a sacrificial altar of Ru.
  1928 | D:7      | Reached *** piety under Fedhas
  1967 | D:7      | Reached skill level 1 in Fighting
  2064 | D:8      | Reached skill level 10 in Air Magic
  2064 | D:8      | Gained mutation: You passively map the area around you.
                  | [Meteoran growth]
  2064 | D:8      | Reached XP level 9. HP: 48/64 MP: 14/20
  2099 | D:8      | Reached skill level 1 in Invocations
  2108 | D:8      | HP: 2/67 [/static electricity (2)]
  2108 | D:8      | Slain by an orc warrior

Illustrated notes

Levels and vault maps discovered:
D:1:      onia_arrival_mini_maze_b, layout_basic, basic_ecumenical_altar
D:2:      layout_rooms, minmay_rat_gold_closets
D:3:      layout_basic
D:4:      layout_rooms, ashenzari_altar_1, kennysheep_slug_shrine,
          minmay_temple_entry_statues_fountains, grunt_decor_mini_mirrors,
          minivault_14, due_unseen_surprise
D:5:      layout_loops_corners, ebering_ghost_gozag, uniq_duvessa, uniq_ijyb,
          uniq_menkaure
D:6:      layout_rooms, mainiacjoe_overflow_catwalk, serial_shops, shop
D:7:      layout_basic, dilly_guarded_unrand_devastator
D:8:      layout_basic, skrybe_limestone_x

Skill      XL: |  1  2  3  4  5  6  7  8  9 |
---------------+----------------------------+-----
Air Magic      | 4 5 6 7 8 10 | 10.1
Spellcasting   | 3 4 5 7 |  7.1
Fighting       | 1 |  1.9
Dodging        | 3 |  3.3
Invocations    | 1 |  1.2
Stealth        | |  1.4
Conjurations   | |  1.3

Action                   |  1- 3 |  4- 6 |  7- 9 || total
-------------------------+-------+-------+-------++-------
Melee: Unarmed           |     7 |       |       ||     7
       Falchion          |       |       |     2 ||     2
       Dagger            |       |       |    18 ||    18
 Cast: Shock             |    31 |    25 |     4 ||    60
       Static Discharge  |    10 |     5 |    15 ||    30
       Airstrike         |       |    12 |    32 ||    44
  Use: Scroll            |       |       |    13 ||    13
Armor: Robe              |     5 |     3 |     5 ||    13
Dodge: Dodged            |    10 |     5 |    12 ||    27

Table legend: (Time is in decaauts)
 A = Elapsed time spent in this place.
 B = Non-inter-level travel time spent in this place.
 C = Inter-level travel time spent in this place.
 D = Time resting spent in this place.
 E = Time spent auto-exploring this place.
 F = Levels seen in this place.
 G = Mean time per level.
                   A        B        C        D        E       F      G
               +--------+--------+--------+--------+--------+-----+--------+
         Total |   2106 |   2036 |     70 |      0 |   1016 |   8 |  263.2 |
       Dungeon |   2106 |   2036 |     70 |      0 |   1016 |   8 |  263.2 |
               +--------+--------+--------+--------+--------+-----+--------+

Top non-repeatable levels by time:
     D:3: 382 daAuts
     D:5: 379 daAuts
     D:6: 361 daAuts
     D:1: 311 daAuts
     D:7: 238 daAuts
     D:4: 221 daAuts
     D:2: 142 daAuts
     D:8: 68 daAuts
